[Event "Early Titled Tuesday Blitz | February 8 2022"]
[White "Mekhitarian, Krikor Sevag"]
[Black "Avila Pavas, Santiago"]
[WhiteFideId "2107660"]
[BlackFideId "4437128"]
[WhiteElo "2598"]
[BlackElo "2242"]
[Result "0-1"]
[Round "09"]
[TimeControl "180+1"]
[Date "2022.02.08"]
[WhiteClock "0:00:03"]
[BlackClock "0:00:21"]

1. e4 Nf6 2. e5 Nd5 3. Nf3 d6 4. d4 g6 5. Bc4 Nb6 6. Bb3 Bg7 7. Qe2 O-O 8. h3 c5 9. dxc5 dxc5 10. O-O c4 11. Bxc4 Nxc4 12. Qxc4 Nc6 13. Bf4 Qa5 14. Nc3 Bf5 15. a3 Bxc2 16. b4 Qd8 17. Nd5 Bf5 18. Rfd1 Be6 19. Qc5 Rc8 20. Nf6+ exf6 21. Rxd8 Rfxd8 22. exf6 Bxf6 23. Re1 Nd4 24. Qxa7 Nxf3+ 25. gxf3 Bd5 26. Rd1 Bxf3 27. Rxd8+ Rxd8 28. Kh2 Kg7 29. Qe3 Bc6 30. Be5 Bxe5+ 31. Qxe5+ Kg8 32. b5 Bd5 33. a4 h5 34. a5 Be6 35. Qc7 Rd1 36. Qxb7 Bd5 37. Qb8+ Kh7 38. h4 g5 39. f3 Bxf3 40. Kg3 Rd3 41. hxg5 Bd5+ 42. Kf2 h4 43. a6 h3 44. a7 Ra3 45. b6 Ra2+ 46. Kg1 h2+ 47. Qxh2+ Rxh2 48. Kxh2 Kg6 49. Kg3 Kxg5 50. Kf2 Kf4 51. Ke2 Ke4 52. Kd2 Kd4 53. b7 Bxb7 54. Ke2 Ke4 0-1


[Site "https://www.chess.com"]

[Event "Early Titled Tuesday Blitz | February 8 2022"]
[White "Mirzanurov, Bulat"]
[Black "Loay, Sameer"]
[WhiteFideId "4184521"]
[BlackFideId "8104239"]
[WhiteElo "2116"]
[BlackElo "2040"]
[Result "0-1"]
[Round "09"]
[TimeControl "180+1"]
[Date "2022.02.08"]
[WhiteClock "0:00:04"]
[BlackClock "0:01:20"]

1. e4 d6 2. d4 g6 3. Nc3 Bg7 4. Be3 a6 5. Qd2 b5 6. f3 Nd7 7. g4 Bb7 8. h4 h5 9. gxh5 Rxh5 10. Bh3 Ngf6 11. Bg2 c5 12. Nge2 b4 13. Nd1 Qa5 14. Ng3 Rh8 15. Nf2 c4 16. Ng4 Nxg4 17. fxg4 c3 18. bxc3 bxc3 19. Qd3 Bc6 20. h5 Bb5 21. Qd1 Nb6 22. hxg6 Rxh1+ 23. Bxh1 fxg6 24. a4 Bc6 25. d5 Bd7 26. Qd3 Nxa4 27. Bd4 Bb5 28. Qe3 Be5 29. Bxe5 dxe5 30. Qg5 Qb6 31. Nf1 O-O-O 32. Qxe7 Qg1 33. O-O-O Bxf1 34. Qe6+ Rd7 35. Qc6+ Rc7 36. Qxa4 Qe3+ 37. Kb1 Qb6+ 38. Qb3 Qxb3+ 39. cxb3 c2+ 40. Kc1 cxd1=Q+ 41. Kxd1 Bb5 42. g5 Rh7 43. Bf3 Rh4 44. Kd2 Kd7 45. Ke3 Kd6 46. Be2 Bxe2 47. Kxe2 Rxe4+ 0-1


[Site "https://www.chess.com"]

[Event "Early Titled Tuesday Blitz | February 8 2022"]
[White "Mohammad Fahad, Rahman"]
[Black "Eynullayev, Altay"]
[WhiteFideId "10207791"]
[BlackFideId "13413562"]
[WhiteElo "2323"]
[BlackElo "2079"]
[Result "0-1"]
[Round "09"]
[TimeControl "180+1"]
[Date "2022.02.08"]
[WhiteClock "0:00:18"]
[BlackClock "0:00:04"]

1. e4 c5 2. Nf3 e6 3. d4 cxd4 4. Nxd4 Nc6 5. Nc3 a6 6. Be3 Nf6 7. f4 Bb4 8. Bd3 e5 9. Nxc6 dxc6 10. fxe5 Ng4 11. Qd2 Nxe3 12. Qxe3 Qe7 13. Qg3 Bxc3+ 14. bxc3 O-O 15. O-O Be6 16. Kh1 Qc5 17. a4 Qxc3 18. a5 Rad8 19. Rfb1 Rd4 20. Qe1 Qxe1+ 21. Rxe1 Re8 22. Reb1 Bc8 23. Kg1 Rxe5 24. Kf2 h5 25. g3 Rd6 26. Ke3 Rde6 27. Kd4 Re7 28. Rb6 Kf8 29. h4 Ke8 30. Kc3 Kd8 31. Rbb1 Kc7 32. Rf1 Bg4 33. Rf4 f6 34. Kd4 Rd7+ 35. Ke3 Rc5 36. Ra3 Re7 37. Rf1 Ree5 38. Rfa1 Re6 39. Kd4 Rce5 40. Kc3 Rd6 41. Rf1 Rc5+ 42. Kd2 Rd4 43. Ke3 Rb4 44. Raa1 Rb2 45. Kd4 Kd6 46. Rf4 Rb4+ 47. Ke3 Re5 48. Kd2 Rd4 49. Kc3 Kc5 50. Rb1 Rd7 51. Rff1 Kd6 52. Ra1 Kc7 53. Rf4 Rde7 54. Ra4 Rc5+ 55. Kd4 Ree5 56. Rb4 Rxa5 57. Rf1 c5+ 58. Kc3 cxb4+ 59. Kxb4 Rac5 60. c4 Bd7 61. Kc3 b5 62. Kd4 bxc4 63. Bxc4 Bb5 64. Rc1 Rxc4+ 65. Rxc4+ Bxc4 66. Kxc4 Rxe4+ 67. Kd5 Rg4 68. Kc5 a5 69. Kd5 a4 70. Ke6 a3 71. Kf7 a2 72. Ke6 a1=Q 73. Kf5 Qa5+ 74. Ke6 Re4+ 75. Kf7 Qd5+ 76. Kg6 Qe5 77. Kh7 Qf5+ 78. Kg8 Re8+ 79. Kf7 Qe6+ 80. Kg6 f5+ 81. Kg5 Qf6+ 82. Kf4 Re4+ 83. Kf3 Qc3+ 84. Kg2 Re2+ 85. Kh1 Qe1# 0-1


[Site "https://www.chess.com"]

[Event "Early Titled Tuesday Blitz | February 8 2022"]
[White "Moroni, Luca Jr"]
[Black "Shimelkov, Vasiliy"]
[WhiteFideId "865834"]
[BlackFideId "13701630"]
[WhiteElo "2573"]
[BlackElo "2073"]
[Result "1-0"]
[Round "09"]
[TimeControl "180+1"]
[Date "2022.02.08"]
[WhiteClock "0:01:19"]
[BlackClock "0:01:06"]

1. d4 d5 2. Bf4 e6 3. e3 Nf6 4. Nf3 Be7 5. Nbd2 O-O 6. Bd3 c5 7. dxc5 Bxc5 8. O-O Nc6 9. Qe2 a6 10. c4 b6 11. Rac1 Bb7 12. Bb1 Qe7 13. Rfd1 e5 14. Bg5 e4 15. Ne1 d4 16. Nxe4 dxe3 17. fxe3 h6 18. Nxf6+ gxf6 19. Bxh6 Ne5 20. Qh5 Ng6 21. Bxg6 Bxe3+ 22. Bxe3 Qxe3+ 23. Kh1 fxg6 24. Qxg6+ Kh8 25. Rd7 Bxg2+ 26. Kxg2 Qe2+ 27. Kg1 Qe3+ 28. Kh1 1-0


[Site "https://www.chess.com"]

[Event "Early Titled Tuesday Blitz | February 8 2022"]
[White "Muradov, Soltan"]
[Black "Brunner, Nicolas"]
[WhiteFideId "14002108"]
[BlackFideId "620246"]
[WhiteElo "1854"]
[BlackElo "2372"]
[Result "1/2-1/2"]
[Round "09"]
[TimeControl "180+1"]
[Date "2022.02.08"]
[WhiteClock "0:00:06"]
[BlackClock "0:00:20"]

1. Nf3 c5 2. c4 Nc6 3. e3 g6 4. Nc3 Nf6 5. b3 Bg7 6. Bb2 O-O 7. Be2 d5 8. Nxd5 Nxd5 9. Bxg7 Nxe3 10. fxe3 Kxg7 11. d4 cxd4 12. exd4 Qa5+ 13. Qd2 Qxd2+ 14. Kxd2 Bg4 15. Kc3 e5 16. dxe5 Nxe5 17. Nxe5 Bxe2 18. Rae1 Bh5 19. g4 f6 20. gxh5 fxe5 21. Rxe5 Rf3+ 22. Kb4 Raf8 23. hxg6 hxg6 24. Re7+ R8f7 25. Re6 Rh3 26. Rg1 Rf6 27. Re7+ Rf7 28. Re6 Rf6 29. Re7+ Rf7 30. Rxf7+ Kxf7 31. Rg2 Kf6 32. a4 b6 33. Rf2+ Ke5 34. Rb2 Kd6 35. a5 Kc7 36. a6 Rh5 37. Rg2 Ra5 38. Rxg6 Rxa6 39. Rg7+ Kc6 40. Rg6+ Kb7 41. h4 Ra2 42. h5 Rh2 43. h6 a6 44. Rg7+ Kc6 45. h7 Rh3 46. Ka3 b5 47. cxb5+ Kxb5 48. Rg5+ Kb6 49. Rg7 Kb5 50. Kb2 a5 51. Kc2 Kb4 52. Rg4+ Kb5 53. Rg7 Kb4 54. Rg4+ Kb5 55. Rg7 1/2-1/2


[Site "https://www.chess.com"]

[Event "Early Titled Tuesday Blitz | February 8 2022"]
[White "Murthy, Pappu"]
[Black "Flis, Pawel"]
[WhiteFideId "2013401"]
[BlackFideId "1112864"]
[WhiteElo "1959"]
[BlackElo "1735"]
[Result "0-1"]
[Round "09"]
[TimeControl "180+1"]
[Date "2022.02.08"]
[WhiteClock "0:00:06"]
[BlackClock "0:00:54"]

1. c4 Nf6 2. Nc3 g6 3. e4 d6 4. d4 Bg7 5. Nge2 O-O 6. Ng3 c5 7. d5 e6 8. Be2 exd5 9. exd5 Na6 10. O-O Nc7 11. Bf4 a6 12. Qd2 Re8 13. a4 Rb8 14. Bg5 b5 15. axb5 axb5 16. cxb5 Bb7 17. Bc4 Qd7 18. Bh6 Bh8 19. Rae1 Ng4 20. Rxe8+ Rxe8 21. Bf4 Ne5 22. b3 h5 23. h3 Na8 24. Nge4 Nb6 25. Bxe5 Bxe5 26. Qh6 Bg7 27. Qf4 Nc8 0-1


[Site "https://www.chess.com"]

[Event "Early Titled Tuesday Blitz | February 8 2022"]
[White "Navalgund, Niranjan"]
[Black "Rudzinska, Michalina"]
[WhiteFideId "5030854"]
[BlackFideId "1172883"]
[WhiteElo "2290"]
[BlackElo "1904"]
[Result "0-1"]
[Round "09"]
[TimeControl "180+1"]
[Date "2022.02.08"]
[WhiteClock "0:02:05"]
[BlackClock "0:01:33"]

1. e4 a6 2. Bc4 e6 3. e5 d6 4. Nf3 dxe5 5. Nxe5 Qd4 6. Qe2 Bd6 7. Nf3 Qg4 8. O-O Nf6 9. d3 Nbd7 10. h3 Qg6 11. Nc3 O-O 12. Ne4 Nxe4 13. dxe4 b5 14. Bd3 Ne5 15. Nxe5 Bxe5 16. f4 Bd4+ 17. Kh1 Bb7 18. f5 exf5 19. exf5 Qc6 20. c3 Rfe8 21. Qc2 Bc5 22. f6 g6 23. Bh6 Rad8 24. Rad1 Qe6 25. Kh2 Bd6+ 26. Kh1 Qxh3+ 27. Kg1 Bc5+ 28. Rf2 0-1


[Site "https://www.chess.com"]

[Event "Early Titled Tuesday Blitz | February 8 2022"]
[White "Necula, Iulian"]
[Black "Toncheva, Nadya"]
[WhiteFideId "1232380"]
[BlackFideId "2924056"]
[WhiteElo "1776"]
[BlackElo "1920"]
[Result "0-1"]
[Round "09"]
[TimeControl "180+1"]
[Date "2022.02.08"]
[WhiteClock "0:00:02"]
[BlackClock "0:00:17"]

1. b4 e6 2. b5 a6 3. e3 axb5 4. Bxb5 c6 5. Be2 d5 6. Nf3 Nf6 7. O-O Bd6 8. d3 O-O 9. c4 Nbd7 10. Nc3 Re8 11. d4 Qa5 12. Bd2 Qc7 13. c5 Bf8 14. a4 b6 15. cxb6 Nxb6 16. a5 Nbd7 17. a6 Nb8 18. Qc2 Bxa6 19. Bxa6 Nxa6 20. Ne5 Nd7 21. Nb5 Qd8 22. Nxc6 Qb6 23. Nca7 Rxa7 24. Nxa7 Qxa7 25. Qa4 Ra8 26. Rfb1 Qc7 27. Qb5 Ndb8 28. Ba5 Qc6 29. Qb7 Qxb7 30. Rxb7 Nc6 31. Bb6 Rb8 32. Rxb8 Naxb8 33. Ra8 Nd7 34. Bc7 f6 35. f3 Kf7 36. g4 Nb4 37. Kg2 Nc2 38. Kf2 Be7 39. h4 Nf8 40. h5 Nb4 41. Bb6 Nc6 42. Rc8 Nb4 43. Ra8 Nd7 44. Ra7 Nxb6 45. Rb7 Nc4 46. e4 dxe4 47. fxe4 Nd6 48. e5 fxe5 49. Rxb4 Ne4+ 50. Ke3 Bxb4 51. Kxe4 exd4 52. Kxd4 Be7 53. Ke5 g6 0-1


[Site "https://www.chess.com"]

[Event "Early Titled Tuesday Blitz | February 8 2022"]
[White "Niemann, Hans Moke"]
[Black "Erigaisi Arjun"]
[WhiteFideId "2093596"]
[BlackFideId "35009192"]
[WhiteElo "2636"]
[BlackElo "2745"]
[Result "0-1"]
[Round "09"]
[TimeControl "180+1"]
[Date "2022.02.08"]
[WhiteClock "0:00:04"]
[BlackClock "0:00:21"]

1. d4 e6 2. c4 c5 3. d5 exd5 4. cxd5 d6 5. Nc3 g6 6. e4 Bg7 7. f4 Ne7 8. Nf3 O-O 9. Be2 Bg4 10. O-O Nd7 11. Be3 Re8 12. Bf2 a6 13. a4 Bxf3 14. Bxf3 Qa5 15. Qc2 c4 16. Rae1 Nc5 17. Bxc5 Qxc5+ 18. Kh1 Nc8 19. Rd1 Qe3 20. e5 dxe5 21. d6 Nb6 22. a5 Nd7 23. Nd5 Qb3 24. Qxb3 cxb3 25. Nc7 e4 26. Bxe4 Rxe4 27. Nxa8 Bxb2 28. Nb6 Nxb6 29. axb6 Bf6 30. d7 Bd8 31. Rfe1 Re6 32. g4 Kf8 33. f5 gxf5 34. gxf5 Rxe1+ 35. Rxe1 b2 36. Kg2 Bf6 37. Kf3 a5 38. Rb1 Ke7 39. Rd1 Kd8 40. Ke4 a4 41. Kd5 a3 42. Kd6 Be7+ 43. Ke5 a2 44. f6 Bxf6+ 45. Kxf6 0-1


[Site "https://www.chess.com"]

[Event "Early Titled Tuesday Blitz | February 8 2022"]
[White "Nilsen, Tobias Lang"]
[Black "Golsta, Madara"]
[WhiteFideId "1521624"]
[BlackFideId "11607386"]
[WhiteElo "2013"]
[BlackElo "1997"]
[Result "1-0"]
[Round "09"]
[TimeControl "180+1"]
[Date "2022.02.08"]
[WhiteClock "0:00:22"]
[BlackClock "0:00:05"]

1. f4 c5 2. Nf3 Nc6 3. g3 g6 4. Bg2 Bg7 5. O-O Nf6 6. d3 O-O 7. Nc3 d5 8. e4 dxe4 9. dxe4 e5 10. Qxd8 Rxd8 11. fxe5 Ng4 12. Nd5 Ncxe5 13. Bg5 Rd7 14. Nxe5 Nxe5 15. Bf6 b5 16. Bh3 Rb7 17. Bxc8 Rxc8 18. Ne7+ Rxe7 19. Bxe7 Nc4 20. Bf6 Ne3 21. Bxg7 Kxg7 22. Rf2 Rd8 23. b3 c4 24. Re1 Ng4 25. Rff1 Rd2 26. Rf4 h5 27. e5 Nxh2 28. bxc4 Rxc2 29. cxb5 Rxa2 30. e6 fxe6 31. Rxe6 Ng4 32. Rc4 Ra1+ 33. Kg2 Ra2+ 34. Kf3 Rf2+ 35. Ke4 Re2+ 36. Kd5 Ne3+ 37. Kc5 Kf7 38. Rce4 Rc2+ 39. Kb4 Nf5 40. Ra6 Rc7 41. g4 hxg4 42. Rxg4 Ne7 43. Rc4 Nd5+ 44. Kb3 Rb7 45. Rc5 Nc7 46. Kc4 Nxa6 47. bxa6 Rb1 48. Rc7+ Kf6 49. Rxa7 Ra1 50. Ra8 Kg5 51. Kd3 Ra2 52. Ke3 Ra1 53. a7 Ra3+ 54. Kf2 Ra2+ 55. Kf3 Ra3+ 56. Ke4 Ra4+ 57. Ke5 Ra5+ 58. Kd4 Ra1 59. Kc3 Ra3+ 60. Kb4 Ra6 61. Kb5 Ra1 62. Kc5 Rc1+ 63. Kd5 Rd1+ 64. Ke4 Ra1 65. Ke3 Ra3+ 66. Ke4 Ra4+ 67. Kd5 Ra5+ 68. Kc6 Ra1 69. Kd6 Ra6+ 70. Ke7 Ra1 71. Kf7 Ra2 72. Ke7 Ra3 73. Kd7 Ra1 74. Ke6 Re1+ 75. Kf7 Ra1 76. Kg7 Rb1 77. Rb8 1-0


[Site "https://www.chess.com"]

[Event "Early Titled Tuesday Blitz | February 8 2022"]
[White "Niyazgulova, Marina"]
[Black "Kukula, Pawel"]
[WhiteFideId "24142573"]
[BlackFideId "1115081"]
[WhiteElo "2075"]
[BlackElo "2203"]
[Result "0-1"]
[Round "09"]
[TimeControl "180+1"]
[Date "2022.02.08"]
[WhiteClock "0:00:03"]
[BlackClock "0:00:16"]

1. d4 e6 2. c4 f5 3. g3 Nf6 4. Bg2 c6 5. Nf3 d5 6. O-O Bd6 7. Nc3 O-O 8. Bf4 Bxf4 9. gxf4 Ne4 10. Ne5 Nd7 11. f3 Nxc3 12. bxc3 Nxe5 13. fxe5 dxc4 14. e4 b5 15. exf5 Rxf5 16. f4 Qb6 17. Be4 Rf7 18. Qf3 Bd7 19. Kh1 Raf8 20. Qh5 g6 21. Qg4 c5 22. Rad1 cxd4 23. Rxd4 Bc6 24. Bxc6 Qxc6+ 25. Kg1 b4 26. Qe2 bxc3 27. Rxc4 Qb6+ 28. Kh1 Qb2 29. Qd3 Qxa2 30. Qxc3 Qe2 31. Kg1 Qg4+ 32. Qg3 Qe2 33. Qc3 a5 34. Rf2 Qd1+ 35. Rf1 Qg4+ 36. Qg3 Qe2 37. Ra4 Qb5 38. Qa3 Qb6+ 39. Kh1 Qb5 40. Kg1 Ra8 41. Ra1 Qb6+ 42. Kh1 Rfa7 43. Qa2 Qc6+ 44. Kg1 Rb7 45. Rxa5 Qb6+ 46. Kh1 Qc6+ 47. Kg1 Rf8 48. Ra6 Qc5+ 49. Kh1 Rb6 50. Rxb6 Qxb6 51. Rb1 Qc6+ 52. Qg2 Qc4 53. Rf1 Rf5 54. Qa8+ Kg7 55. Qf3 g5 56. Qg2 h6 57. Rf2 Qc1+ 58. Rf1 Qe3 59. Rf3 Qe4 60. Rf2 Qxg2+ 61. Kxg2 gxf4 62. Rf3 Kg6 63. Kh3 Kg5 64. Ra3 Rxe5 65. Ra8 Kf5 66. Rf8+ Ke4 67. Rf6 h5 68. Kg2 Ke3 69. h4 Re4 70. Rf7 e5 71. Rf8 Rd4 72. Rf5 Rd2+ 73. Kg1 e4 74. Ra5 f3 75. Ra3+ Kf4 76. Kf1 e3 77. Ra1 Kg3 78. Kg1 Rh2 0-1


[Site "https://www.chess.com"]

[Event "Early Titled Tuesday Blitz | February 8 2022"]
[White "Odegov, Artem"]
[Black "Khamdamova, Afruza"]
[WhiteFideId "34183644"]
[BlackFideId "14210444"]
[WhiteElo "2277"]
[BlackElo "1660"]
[Result "0-1"]
[Round "09"]
[TimeControl "180+1"]
[Date "2022.02.08"]
[WhiteClock "0:00:30"]
[BlackClock "0:00:18"]

1. d4 Nf6 2. c4 e6 3. Nf3 d5 4. Nc3 Be7 5. Bg5 O-O 6. e3 b6 7. Qc2 Bb7 8. cxd5 exd5 9. h4 Ne4 10. Bd3 f5 11. Bxe4 fxe4 12. Ne5 Nd7 13. O-O-O Nxe5 14. dxe5 Bxg5 15. hxg5 Qxg5 16. Nxd5 Qxe5 17. Nf4 Qc5 18. Qxc5 bxc5 19. Rd7 Rac8 20. Ne6 Rf7 21. Rxf7 Kxf7 22. Nxc5 Bd5 23. Rxh7 Kg6 24. Rh1 Rf8 25. Rf1 Bc4 26. Rd1 Rxf2 27. Nxe4 Rxg2 28. Rd4 Bxa2 29. Nc3 Be6 30. Ra4 Rg1+ 31. Kd2 Rg2+ 32. Ne2 Bg4 33. Rxa7 Rxe2+ 34. Kd3 Rxb2 35. Rxc7 Bf5+ 36. e4 Be6 37. Kd4 Rb5 38. Rc6 Kf6 39. Ke3 Ke5 40. Kf2 g5 41. Ra6 g4 42. Kg3 Rb3+ 43. Kg2 Rd3 44. Ra4 Rd4 45. Ra5+ Kf4 46. Ra8 Rd2+ 47. Kf1 Bc4+ 48. Ke1 Re2+ 49. Kd1 Rxe4 50. Rf8+ Ke3 51. Ke1 g3 52. Rd8 g2 53. Rg8 Kf3+ 54. Kd1 Kf2 55. Rf8+ Kg3 56. Rg8+ Rg4 57. Re8 g1=Q+ 58. Re1 Qd4+ 59. Kc1 Qc3+ 60. Kb1 Qxe1+ 0-1


[Site "https://www.chess.com"]

[Event "Early Titled Tuesday Blitz | February 8 2022"]
[White "Orozbaev, Eldiar"]
[Black "Chigaev, Maksim"]
[WhiteFideId "13802240"]
[BlackFideId "4108116"]
[WhiteElo "2050"]
[BlackElo "2502"]
[Result "1-0"]
[Round "09"]
[TimeControl "180+1"]
[Date "2022.02.08"]
[WhiteClock "0:01:11"]
[BlackClock "0:00:04"]

1. e4 c5 2. c3 d5 3. exd5 Nf6 4. Nf3 Nxd5 5. d4 cxd4 6. Nxd4 e6 7. Be2 Be7 8. O-O O-O 9. Bf3 Nb6 10. Bf4 N8d7 11. Bg3 Nf6 12. Nd2 a6 13. Qe2 Bd6 14. Rfd1 Bxg3 15. hxg3 Qe7 16. a4 Qc7 17. a5 Nbd5 18. Ne4 Bd7 19. c4 Nxe4 20. cxd5 exd5 21. Bxe4 dxe4 22. Qxe4 Rae8 23. Qf3 Bc8 24. b4 Qe5 25. Rac1 h6 26. Rc5 Qe4 27. Qxe4 Rxe4 28. f3 Re7 29. Rdc1 Be6 30. Rc7 Rxc7 31. Rxc7 Bc8 32. Nb3 Be6 33. Nc5 Bd5 34. Kf2 Rb8 35. Ke3 g5 36. Nd7 Rd8 37. Nf6+ Kg7 38. Nxd5 Rxd5 39. Rxb7 Re5+ 40. Kd4 Re2 41. Rb6 Rxg2 42. g4 f5 43. gxf5 h5 44. Rxa6 h4 45. Rc6 h3 46. Rc1 Kf6 47. a6 Ra2 48. b5 Kxf5 49. Rh1 g4 50. fxg4+ Kxg4 51. Kc5 h2 52. Kb6 1-0


[Site "https://www.chess.com"]

[Event "Early Titled Tuesday Blitz | February 8 2022"]
[White "Osmak, Yuliia"]
[Black "Prieto Aranguren, Alain"]
[WhiteFideId "14101602"]
[BlackFideId "2268906"]
[WhiteElo "2302"]
[BlackElo "2235"]
[Result "1-0"]
[Round "09"]
[TimeControl "180+1"]
[Date "2022.02.08"]
[WhiteClock "0:00:07"]
[BlackClock "0:00:05"]

1. e4 c6 2. Nf3 d5 3. d3 g6 4. e5 Bg7 5. d4 e6 6. Bd3 Ne7 7. O-O Nd7 8. c3 O-O 9. Bg5 c5 10. Qd2 f6 11. exf6 Bxf6 12. Bxf6 Rxf6 13. Re1 Nc6 14. Qe2 cxd4 15. cxd4 Nf8 16. Nc3 Bd7 17. Rad1 Qb6 18. Bb5 Rc8 19. Bxc6 bxc6 20. Na4 Qb4 21. Nc5 Be8 22. Ne5 Qb8 23. b3 Qd6 24. Qa6 Rc7 25. Re2 Nd7 26. Nexd7 Bxd7 27. Rde1 Bc8 28. Qd3 Rcf7 29. f3 Re7 30. Re5 Kf7 31. Qe3 Kg7 32. h4 a5 33. h5 Kh8 34. Qg5 Ref7 35. h6 Rf5 36. Qh4 Rxe5 37. Rxe5 Qe7 38. Qe1 Qf6 39. Qxa5 Qh4 40. Qd2 Re7 41. Qe3 Kg8 42. a4 Kf7 43. a5 Ke8 44. a6 Bxa6 45. Nxa6 g5 46. Nc5 Ra7 47. Rxe6+ Kf8 48. Re8+ Kf7 49. Qe6# 1-0


[Site "https://www.chess.com"]

[Event "Early Titled Tuesday Blitz | February 8 2022"]
[White "Ovetchkin, Roman"]
[Black "Pesotskiy, Mikhail"]
[WhiteFideId "4119991"]
[BlackFideId "34164453"]
[WhiteElo "2409"]
[BlackElo "2010"]
[Result "1-0"]
[Round "09"]
[TimeControl "180+1"]
[Date "2022.02.08"]
[WhiteClock "0:00:37"]
[BlackClock "0:00:08"]

1. d4 Nf6 2. c4 e6 3. g3 Bb4+ 4. Bd2 a5 5. Bg2 O-O 6. Nf3 b6 7. O-O Bb7 8. Bf4 Be7 9. Qc2 Be4 10. Qd1 Bb7 11. Nc3 Ne4 12. Nb5 Na6 13. Qc2 f5 14. Rad1 d6 15. a3 Bf6 16. Ne1 c6 17. Bxe4 fxe4 18. Nxd6 Qd7 19. Nxb7 Qxb7 20. Qxe4 Rfe8 21. Nf3 Rac8 22. Be5 a4 23. Bxf6 gxf6 24. Qg4+ Kh8 25. Qh4 Qf7 26. Rd3 b5 27. Rc1 Red8 28. cxb5 cxb5 29. Rdc3 Rxc3 30. Rxc3 b4 31. Rc6 bxa3 32. bxa3 Nb8 33. Rc4 Nd7 34. Rxa4 Nb6 35. Ra6 Nd5 36. Qe4 Re8 37. Rc6 Qd7 38. Rc5 Rb8 39. a4 Rb4 40. a5 Ra4 41. Qc2 Ra1+ 42. Kg2 Kg7 43. e4 Nb4 44. Qc3 Qa4 45. Rc7+ Kg6 46. Nh4+ Kh5 47. Qf3+ 1-0


[Site "https://www.chess.com"]

[Event "Early Titled Tuesday Blitz | February 8 2022"]
[White "Pakleza, Zbigniew"]
[Black "Gupta, Abhijeet"]
[WhiteFideId "1119290"]
[BlackFideId "5010608"]
[WhiteElo "2467"]
[BlackElo "2549"]
[Result "1-0"]
[Round "09"]
[TimeControl "180+1"]
[Date "2022.02.08"]
[WhiteClock "0:00:08"]
[BlackClock "0:00:13"]

1. d4 d5 2. Bf4 c5 3. c3 Nc6 4. e3 Qb6 5. Qb3 c4 6. Qc2 e5 7. dxe5 Bf5 8. Qc1 g5 9. Bg3 f6 10. Nf3 Bg7 11. exf6 Nxf6 12. Be2 Ne4 13. Nbd2 Nc5 14. O-O Nd3 15. Bxd3 Bxd3 16. Re1 g4 17. Nd4 h5 18. Ne6 Be5 19. e4 Bxg3 20. hxg3 d4 21. Nxc4 Bxc4 22. Ng7+ Kf7 23. Nf5 Be6 24. Qf4 Bxf5 25. Qxf5+ Ke7 26. Rad1 Raf8 27. Qg5+ Ke8 28. cxd4 Rf7 29. Rd2 Qa5 30. d5 Ne7 31. Rc1 h4 32. Qe5 Qxd2 33. Rc8+ 1-0


[Site "https://www.chess.com"]

[Event "Early Titled Tuesday Blitz | February 8 2022"]
[White "Pantzar, Milton"]
[Black "Ter-Sahakyan, Samvel"]
[WhiteFideId "1721003"]
[BlackFideId "13302531"]
[WhiteElo "2340"]
[BlackElo "2592"]
[Result "0-1"]
[Round "09"]
[TimeControl "180+1"]
[Date "2022.02.08"]
[WhiteClock "0:00:01"]
[BlackClock "0:00:35"]

1. d4 Nf6 2. Nf3 d5 3. c4 e6 4. g3 Bb4+ 5. Bd2 a5 6. a3 Be7 7. Bg2 O-O 8. Qc2 dxc4 9. Qxc4 b6 10. Qc2 Bb7 11. O-O Nbd7 12. Rd1 Rc8 13. Nc3 c5 14. Bg5 cxd4 15. Nxd4 Bxg2 16. Kxg2 Qc7 17. Qd3 Ne5 18. Qb5 Qb7+ 19. f3 Rc5 20. Qb3 Nxf3 21. Nxf3 Rxg5 22. Rd3 Rc5 23. Na4 Re5 24. Kf2 Rf5 25. Qxb6 Qxb6+ 26. Nxb6 Bc5+ 27. Kg2 Bxb6 28. Rc1 h6 29. Rc6 Rb8 30. Rb3 Nd7 31. Rd6 Rd5 32. Rxd5 exd5 33. Rb5 Bc5 34. Rxb8+ Nxb8 35. Ne5 Kf8 36. Nd3 Bb6 37. b4 axb4 38. Nxb4 Bc5 39. Nxd5 Bxa3 40. Kf3 Bd6 41. Nc3 Nc6 42. Ne4 Be7 43. Nc3 g6 44. Nd5 Bd8 45. Nc3 Kg7 46. e3 h5 47. Nd5 Ne5+ 48. Ke2 Ng4 49. h3 Nf6 50. Nf4 Bc7 51. Kf3 Bxf4 52. exf4 Kf8 53. g4 hxg4+ 54. hxg4 Ke7 55. Ke3 Ke6 56. Kf3 Nd5 57. Ke4 Ne7 58. Ke3 Kd5 59. Kd3 Ng8 60. Ke3 Nf6 61. Kf3 Kd4 62. f5 g5 63. Kg3 Ke4 64. Kh3 Kf4 0-1


[Site "https://www.chess.com"]

[Event "Early Titled Tuesday Blitz | February 8 2022"]
[White "Papp, Petra"]
[Black "Todorovic, Bojan"]
[WhiteFideId "739049"]
[BlackFideId "917087"]
[WhiteElo "2259"]
[BlackElo "2266"]
[Result "0-1"]
[Round "09"]
[TimeControl "180+1"]
[Date "2022.02.08"]
[WhiteClock "0:00:02"]
[BlackClock "0:00:27"]

1. d4 g6 2. e4 Bg7 3. Nc3 d6 4. Be3 a6 5. f3 Nc6 6. Qd2 e5 7. Nge2 Nf6 8. O-O-O O-O 9. Kb1 b5 10. h4 Nxd4 11. Nxd4 exd4 12. Bxd4 Be6 13. g4 b4 14. Ne2 c5 15. Be3 Qa5 16. Nc1 d5 17. Nb3 Qc7 18. Nxc5 dxe4 19. Nxe6 fxe6 20. Bh3 Nd5 21. fxe4 Nc3+ 22. bxc3 bxc3 23. Qc1 Rab8+ 24. Ka1 Rb2 25. g5 Qc6 26. Bd4 Rfb8 27. Bc5 Qxc5 28. Bxe6+ Kh8 29. Rd7 Qc6 30. Rhd1 Qxe6 31. Rd8+ Rxd8 32. Rxd8+ Bf8 33. Rxf8+ Kg7 34. Qxb2 cxb2+ 35. Kb1 Kxf8 0-1


[Site "https://www.chess.com"]

[Event "Early Titled Tuesday Blitz | February 8 2022"]
[White "Perez Gormaz, Matias"]
[Black "Ozkan, Taha"]
[WhiteFideId "3406342"]
[BlackFideId "34577173"]
[WhiteElo "2352"]
[BlackElo "2024"]
[Result "1-0"]
[Round "09"]
[TimeControl "180+1"]
[Date "2022.02.08"]
[WhiteClock "0:00:06"]
[BlackClock "0:01:22"]

1. e4 e6 2. d3 d5 3. Nd2 c5 4. Ngf3 Nc6 5. g3 Be7 6. Bg2 Nf6 7. O-O O-O 8. Qe2 b5 9. e5 Nd7 10. h4 a5 11. Re1 Ba6 12. Nf1 Qb6 13. Bf4 b4 14. N1h2 c4 15. Rad1 cxd3 16. cxd3 Nd4 17. Nxd4 Qxd4 18. Nf3 Qb6 19. h5 Rfc8 20. h6 g6 21. Bg5 Bf8 22. Rd2 Rc7 23. Nh2 Rac8 24. Ng4 Qd4 25. Be3 Bxd3 26. Rxd3 Qc4 27. b3 Qb5 28. Rd2 Qb8 29. Bf1 Rc3 30. Qb5 Nxe5 31. Nxe5 Qxe5 32. Rdd1 Qc7 33. Bd4 Rc2 34. Be3 Rxa2 35. Rc1 Qd8 36. Rxc8 Qxc8 37. Rc1 Rc2 38. Ra1 d4 39. Bxd4 Bxh6 40. Qe5 Kf8 41. Qh8+ Ke7 42. Qf6+ Ke8 43. Bb5+ Kf8 44. Qh8+ Ke7 45. Bf6+ Kd6 46. Rd1+ Kc5 47. Qxc8+ Kxb5 48. Qxc2 g5 49. Qc4+ Kb6 50. Rd6+ Kb7 51. Qc6+ Kb8 52. Rd8+ Ka7 53. Ra8# 1-0


[Site "https://www.chess.com"]

[Event "Early Titled Tuesday Blitz | February 8 2022"]
[White "Piesik, Piotr"]
[Black "Dobre, Claudiu-Cristian"]
[WhiteFideId "1136194"]
[BlackFideId "1211854"]
[WhiteElo "2232"]
[BlackElo "2207"]
[Result "1-0"]
[Round "09"]
[TimeControl "180+1"]
[Date "2022.02.08"]
[WhiteClock "0:00:50"]
[BlackClock "0:00:01"]

1. Nf3 d5 2. g3 Nf6 3. Bg2 Bg4 4. O-O Nbd7 5. d3 e5 6. Nbd2 Bc5 7. e4 dxe4 8. dxe4 a5 9. h3 Bxf3 10. Qxf3 O-O 11. a4 Qe7 12. Nb3 Bb6 13. Be3 Nc5 14. Nd2 c6 15. Nc4 Bc7 16. Bg5 Ne6 17. Bxf6 Qxf6 18. Qxf6 gxf6 19. Rfd1 Rfd8 20. h4 b5 21. axb5 cxb5 22. Rxd8+ Rxd8 23. Nxa5 Rd2 24. Nc6 Bb6 25. Ne7+ Kf8 26. Nf5 Bxf2+ 27. Kh2 Ke8 28. Ra8+ Kd7 29. Kh3 Rxc2 30. Rh8 Rxb2 31. Rxh7 Nd8 32. h5 b4 33. h6 b3 34. Rh8 Rd2 35. Rxd8+ Kxd8 36. h7 b2 37. h8=Q+ Kc7 38. Qh6 Rd7 39. Qxf6 b1=Q 40. Qxe5+ Kb7 41. Qe8 Kc7 42. Qe5+ Kc6 43. Ne7+ Kb7 44. Qf6 Qb6 45. e5+ Ka6 46. Bf1+ Ka5 47. Nc6+ Ka4 48. Qf4+ 1-0


[Site "https://www.chess.com"]